 Dungeon Crawl Stone Soup version 0.19-a0-1888-g6ba2374 (webtiles) character file.

164 Naow the Chopper (level 5, -3/41 HPs)
             Began as a Formicid Fighter on Oct 17, 2016.
             Was an Initiate of Okawaru.
             Slain by a gnoll
             ... wielding a +0 whip
              (5 damage)
             ... on level 3 of the Dungeon.
             The game lasted 00:04:16 (2095 turns).

Naow the Chopper (Formicid Fighter)                 Turns: 2095, Time: 00:04:17

Health: -3/41      AC:  6    Str: 19 (21) XL:     5   Next: 73%
Magic:  5/5        EV:  7    Int:  6 (8)  God:    Okawaru [......]
Gold:   185        SH:  8    Dex:  7 (10) Spells: 0 memorised, 4 levels left

rFire  . . .     SeeInvis +     a - +0 war axe
rCold  . . .     Gourm    .     b - +0 scale mail
rNeg   . . .     Faith    .     c - +0 shield
rPois  .         Spirit   .     (helmet unavailable)
rElec  .         Dismiss  .     (no cloak)
rCorr  .         Reflect  .     (no gloves)
MR     .....     Harm     .     (no boots)
Stlth  ..........               (no amulet)
                                (no ring)
                                (no ring)

@: lethally poisoned (-3 -> -13), flying, very slightly contaminated, invisible
A: permanent stasis, dig shafts and tunnels, four strong arms, antennae 3
a: Dig, Shaft Self, Renounce Religion


You were on level 3 of the Dungeon.
You worshipped Okawaru.
Okawaru was noncommittal.
You were not hungry.

You visited 2 branches of the dungeon, and saw 5 of its levels.

You collected 185 gold pieces.

Inventory:

Hand Weapons
 a - a +0 war axe (weapon)
Armour
 b - a +0 scale mail (worn)
 c - a +0 shield (worn)
 e - a +0 cloak
Wands
 v - a wand of flame (12/48)
Scrolls
 j - 3 scrolls of enchant weapon {unknown}
 k - a scroll of noise {unknown}
 l - 2 scrolls of blinking {unknown}
 m - a scroll of identify {unknown}
 o - a scroll of random uselessness {unknown}
 q - a scroll of recharging {unknown}
 r - 2 scrolls of remove curse {unknown}
 s - a scroll of magic mapping {unknown}
 t - a scroll of enchant armour {unknown}
Comestibles
 d - 8 chunks of flesh
 f - 5 bread rations
 g - 9 fruits
 i - 4 beef jerkies
 u - 3 meat rations


   Skills:
 - Level 3.2 Fighting
 + Level 5.5 Axes
 - Level 3.2 Armour
 - Level 3.6 Shields


You had 4 spell levels left.
You didn't know any spells.

Dungeon Overview and Level Annotations

Branches:
Dungeon (4/15)             Temple (1/1) D:4

Altars:
Cheibriados
Dithmenos
Elyvilon
Fedhas
Hepliaklqana
Makhleb
Okawaru
Qazlal
Ru
Sif Muna
Uskayaw
Vehumet
Xom
Yredelemnul
Zin

Annotations:
D:4 Naow's ghost, novice FoFi


Innate Abilities, Weirdness & Mutations

You are under a permanent stasis effect.
You can dig through walls and to a lower floor.
Your four strong arms can wield two-handed weapons with a shield.
You have a pair of large antennae on your head. (SInv)


Message History

* * * LOW HITPOINT WARNING * * *
You feel sick. The bat hits you but does no damage.
The leopard gecko barely misses you. The gnoll hits you.
* * * LOW HITPOINT WARNING * * *
The gnoll completely misses you.
It was a potion of invisibility.
You fade into invisibility!
* * * LOW HITPOINT WARNING * * *
You feel sick. The leopard gecko barely misses you.
The gnoll hits you but does no damage. x2; The bat hits you but does no damage.
The gnoll hits you from afar with a spear.
* * * LOW HITPOINT WARNING * * *
The leopard gecko bites you but does no damage.
You are very lightly contaminated with residual magic.
You aren't carrying any potions.
You shred the net and break free!
* * * LOW HITPOINT WARNING * * *
You feel sick. The bat closely misses you.
The gnoll hits you but does no damage. The gnoll hits you with a whip.
You die...

....###
................. ....#
...# ###...........)...
###.# ....
..........##'###... #.#
..... ..##.#......# ####
.#
.....##.##.#......######
.
......#.##..............
..
#...........#+###.......
...
####..l.....#.###.......
....
......g@......#.........
.##...g.b..#............
.....g..##.(............
........'....>...#####..
........#........# #..
........#...##...# .
####....#...##...#
#....#...##...#
#....#...###+##


You could see 3 gnolls, a leopard gecko and a bat.

Vanquished Creatures
  An orc wizard (D:3)
  A worker ant (D:4)
  3 adders
  3 oozes
  2 worms
  A dart slug (D:2)
  4 leopard geckos
  6 orcs (D:3)
  3 giant cockroaches
  A hobgoblin (D:1)
  11 jackals
  3 quokkas
  5 bats
  2 frilled lizards
  4 goblins
  6 kobolds
  4 rats
60 creatures vanquished.

Notes
Turn   | Place    | Note
-------+----------+-------------------------------------------
     0 | D:1      | Naow the Formicid Fighter began the quest for the Orb.
     0 | D:1      | Reached XP level 1. HP: 18/18 MP: 1/1
   158 | D:1      | Reached XP level 2. HP: 21/24 MP: 2/2
   517 | D:1      | Reached skill level 3 in Axes
   661 | D:2      | Found a faded altar of an unknown god.
   699 | D:2      | Reached XP level 3. HP: 22/29 MP: 3/3
   778 | D:2      | Found a hide-covered altar of Uskayaw.
   979 | D:2      | Reached skill level 4 in Axes
   979 | D:2      | Reached XP level 4. HP: 28/35 MP: 4/4
  1106 | D:3      | You fall through a shaft!
  1263 | D:4      | Reached skill level 5 in Axes
  1263 | D:4      | Reached XP level 5. HP: 34/41 MP: 5/5
  1284 | D:4      | Found a staircase to the Ecumenical Temple.
  1296 | Temple   | Entered the Ecumenical Temple
  1549 | Temple   | Became a worshipper of Warmaster Okawaru
  1563 | D:4      | Noticed Naow's ghost (novice FoFi)
  2095 | D:3      | HP: 2/41 [poisoned by a kobold]
  2095 | D:3      | Slain by a gnoll

Vault maps used:
D:1:      minmay_arrival_statue_studded
D:2:      marbit_many_paths, ecumenical_altar_1, first_bread, solitary_fountain
D:3:      lemuel_zombie_altar_kikubaaqudgha, gup_sewer_entry_bubbles
Temple:   dpeg_chambers_temple

Skill      XL: |  1  2  3  4 |
---------------+-------------+-----
Axes           | 3 4 5 |  5.5
Fighting       | |  3.2
Armour         | |  3.2
Shields        | |  3.6

Action                   |  1- 3 |  4- 6 || total
-------------------------+-------+-------++-------
Melee: War axe           |    79 |    87 ||   166
 Abil: Shaft Self        |       |     1 ||     1
  Use: Potion            |       |     4 ||     4
  Eat: Chunk             |       |     4 ||     4
Armor: Scale mail        |    44 |    56 ||   100
Dodge: Dodged            |    20 |    41 ||    61
Block: Shield            |    36 |    58 ||    94
